 Dungeon Crawl Stone Soup version 0.29.0-5-ge4962eb29e (webtiles) character file.

Game seed: 17799741279269355699

327 LynnLen the Sneak (level 6, -5/24 (30) HPs)
             Began as a Spriggan Enchanter on Aug 29, 2022.
             Was an Initiate of Nemelex Xobeh.
             Slain by a necrophage (7 damage)
             ... on level 4 of the Dungeon.
             The game lasted 00:14:05 (4743 turns).

LynnLen the Sneak (Spriggan Enchanter)              Turns: 4743, Time: 00:14:05

HP:   -5/24 (30)    AC:  2    Str:  4    XL:     6   Next: 24%
MP:   13/13         EV: 17    Int: 19    God:    Nemelex Xobeh [......]
Gold: 261           SH:  0    Dex: 15    Spells: 5/13 levels left

rFire   . . .      SeeInvis +   a - +1 dagger
rCold   . . .      Faith    .   (no shield)
rNeg    . . .      Spirit   .   b - +0 robe
rPois   .          Reflect  .   (helmet restricted)
rElec   .          Harm     .   (no cloak)
rCorr   .          Rampage  .   (gloves unavailable)
Will    +....                   (boots unavailable)
Stlth   +++.......              (no amulet)
HPRegen 0.08/turn               (no ring)
MPRegen 0.13/turn               (no ring)

@: heavily drained, very quick
A: very small, no large weapons, unfitting armour, see invisible, speed 3
a: Renounce Religion, Draw Escape, Draw Destruction, Draw Summoning


You were on level 4 of the Dungeon.
You worshipped Nemelex Xobeh.
Nemelex Xobeh was noncommittal.
You visited 1 branch of the dungeon, and saw 4 of its levels.

You collected 261 gold pieces.

Inventory:

Hand Weapons
 a - a +1 dagger (weapon)
Armour
 b - a +0 robe (worn)
Jewellery
 g - a ring of wizardry
 p - a ring of wizardry
Wands
 n - a wand of iceblast (11)
Scrolls
 d - a scroll of poison {unknown}
 f - a scroll of blinking {unknown}
 h - a scroll of noise {unknown}
 j - a scroll of enchant weapon {unknown}
 k - a scroll of teleportation
 l - 2 scrolls of immolation {unknown}
 o - 2 scrolls of identify {unknown}
Potions
 c - 3 potions of invisibility
 e - a potion of heal wounds {unknown}
 i - a potion of curing {unknown}
 m - a potion of flight {unknown}
 q - 2 potions of haste {unknown}
 r - 2 potions of degeneration {unknown}
 s - a potion of brilliance {unknown}


   Skills:
 + Level 2.1 Fighting
 + Level 1.2 Short Blades
 - Level 2.7 Dodging
 + Level 6.4 Stealth
 + Level 4.4 Spellcasting
 + Level 5.0 Hexes
 + Level 1.5 Ice Magic


You had 5 spell levels left.
You knew the following spells:

 Your Spells              Type           Power      Damage    Failure   Level
a - Ensorcelled Hibernat  Hex/Ice        32%        N/A       4%          2
b - Confusing Touch       Hex            23%        N/A       4%          3
c - Tukima's Dance        Hex            23%        N/A       4%          3

Your spell library contained the following spells:

 Spells                   Type           Power      Damage    Failure   Level
 Slow                     Hex            92%        N/A       1%          1
 Dazzling Flash           Conj/Hex       26%        N/A       14%         3
 Passwall                 Tmut/Erth      3%         N/A       21%         2
 Sublimation of Blood     Necr           4%         N/A       21%         2
 Wereblood                Tmut           4%         N/A       21%         2
 Swiftness                Air            4%         N/A       36%         3
 Vampiric Draining        Necr           4%         2d6       36%         3
 Summon Hydra             Summ           2%         N/A       100%        7


Dungeon Overview and Level Annotations

Branches:
Dungeon (4/15)
 Temple: D:4-7

Altars:
Gozag
Nemelex Xobeh
Wu Jian

Shops:
D:2 (


Innate Abilities, Weirdness & Mutations

You are very small and have problems with some larger weapons.
You are too small for most types of armour.
You have supernaturally acute eyesight. (SInv)
You cover ground extremely quickly. (Speed+++)


Message History

The necrophage hits you.
You feel drained.
You barely miss the necrophage. The necrophage hits you.
You feel drained.
You hit the necrophage.
The necrophage is lightly damaged.
The necrophage hits you.
You feel drained.
You hit the necrophage but do no damage.
The necrophage is lightly damaged.
The necrophage hits you.
You feel drained.
You hit the necrophage but do no damage.
The necrophage is lightly damaged.
The necrophage misses you.
You hit the necrophage.
The necrophage is lightly damaged.
The necrophage hits you but does no damage.
You closely miss the necrophage.
The necrophage is lightly damaged.
The necrophage completely misses you.
You hit the necrophage.
The necrophage is moderately damaged.
The necrophage hits you.
* * * LOW HITPOINT WARNING * * *
You closely miss the necrophage.
The necrophage is moderately damaged.
The necrophage misses you.
You closely miss the necrophage.
The necrophage is moderately damaged.
The necrophage closely misses you.
You barely miss the necrophage.
The necrophage is moderately damaged.
The necrophage barely misses you.
You hit the necrophage.
The necrophage is moderately damaged.
The necrophage hits you.
* * * LOW HITPOINT WARNING * * *
You feel drained.
You hit the necrophage but do no damage.
The necrophage is moderately damaged.
The necrophage hits you!
You die...
Your body disappears without a glow.

#...≈.≈PP...≈≈.≈≈.....+.........
#...≈.≈.P##.≈≈.≈≈...).###.......
#.P#≈.≈#.<..≈...≈.............##
#..P≈.≈.P#..≈.8.≈.####..#....)##
#...≈.≈.P.........#.....#.##....
#.P#≈.≈#......#.#.#....##.######
#wPP≈.≈.........#)#)......# #
####..#.....#...#)........# # #.
#........@###......## # #
#....####n###......# #### ####.#
#.#........####...
####.####.#...######......
#.........#...# ##.......
#....########## #.......# #....#
#.......# ..##....### #.##....#
..........###########.##.###.


You could see a necrophage.

Vanquished Creatures
  3 orc priests
  An orc wizard (D:4)
  2 iguanas (D:4)
  Ijyb (D:3)
  8 adders
  2 dart slugs
  3 orcs (D:3)
  5 endoplasms
  A giant cockroach (D:1)
  3 goblins
  11 hobgoblins
  7 kobolds
  3 quokkas
  2 ball pythons
  4 bats
  3 frilled lizards
  5 rats
  A spectral hobgoblin (D:2)
65 creatures vanquished.

Vanquished Creatures (others)
  4 plants (D:4)
4 creatures vanquished.

Grand Total: 69 creatures vanquished

Notes
Turn   | Place    | Note
-------+----------+-------------------------------------------
     0 | D:1      | LynnLen the Spriggan Enchanter began the quest for the Orb.
     0 | D:1      | Reached XP level 1. HP: 9/9 MP: 5/5
   252 | D:1      | Reached XP level 2. HP: 9/14 MP: 6/6
   381 | D:1      | Learned a level 2 spell: Ensorcelled Hibernation
  1026 | D:1      | Reached skill level 5 in Stealth
  1357 | D:1      | Reached XP level 3. HP: 17/17 MP: 8/8
  1508 | D:2      | Found a faded altar of an unknown god.
  1749 | D:2      | Reached skill level 1 in Fighting
  1904 | D:2      | Found Rifugat's Weapon Shop.
  2130 | D:3      | Reached XP level 4. HP: 22/22 MP: 10/10
  2156 | D:3      | Learned a level 3 spell: Confusing Touch
  2160 | D:3      | Learned a level 3 spell: Tukima's Dance
  2392 | D:3      | Found a sparkling altar of Nemelex Xobeh.
  2396 | D:3      | Became a worshipper of Nemelex Xobeh the Trickster
  2410 | D:3      | Noticed Ijyb
  2851 | D:3      | Killed Ijyb
  3165 | D:3      | Reached XP level 5. HP: 23/25 MP: 6/11
  3172 | D:3      | Reached skill level 1 in Ice Magic
  3255 | D:3      | Found an opulent altar of Gozag.
  3951 | D:4      | Found an ornate altar of the Wu Jian Council.
  4159 | D:4      | Reached skill level 6 in Stealth
  4212 | D:4      | Reached XP level 6. HP: 21/30 MP: 6/13
  4213 | D:4      | HP: 1/30 [orc priest/divine providence (15)]
  4216 | D:4      | Reached skill level 5 in Hexes
  4743 | D:4      | Slain by a necrophage

Illustrated notes

Levels and vault maps discovered:
D:1:      sevenhm_arrival_forest_fort_small_3, layout_rooms,
          serial_park_tiny_pond, minmay_liquid_box
D:2:      layout_rooms, serial_shops, nicolae_shop_bloodbath_and_beyond,
          dreamdust_ecumenical_altar_drowned_temple
D:3:      layout_loops_corners, mainiacjoe_overflow_tiny_flanked,
          nemelex_dance_club_becter, kennysheep_orc_chapel, uniq_ijyb
D:4:      layout_basic, nicolae_elyvilon_temple_path,
          mainiacjoe_overflow_catwalk

Skill      XL: |  1  2  3  4  5  6 |
---------------+-------------------+-----
Spellcasting   | 3 4 |  4.4
Stealth        | 5 6 |  6.4
Hexes          | 4 5 |  5.0
Fighting       | 1 2 |  2.1
Ice Magic      | 1 |  1.5
Short Blades   | |  1.2
Dodging        | |  2.7

Action                   |  1- 3 |  4- 6 || total
-------------------------+-------+-------++-------
Melee: Dagger            |   122 |    96 ||   218
       Punch             |     2 |     1 ||     3
 Cast: Ensorcelled Hiber |    13 |    19 ||    32
       Confusing Touch   |       |     1 ||     1
  Use: Scroll            |       |     1 ||     1
       Potion            |       |     1 ||     1
 Stab: Sleeping          |    13 |    18 ||    31
       Invisible         |       |     4 ||     4
Armor: Robe              |    12 |     5 ||    17
Dodge: Dodged            |    89 |    62 ||   151
